 Dungeon Crawl Stone Soup version 0.25.0-46-gbd7b0854d2 (webtiles) character file.

Game seed: 4244783204148308133

5774 Jimbable the Nimble (level 10, -2/79 HPs)
             Began as a Gnoll Gladiator on July 15, 2020.
             Was a Follower of Okawaru.
             Killed from afar by a rakshasa (illusionary) (30 damage)
             ... with a lance of force
             ... on level 9 of the Dungeon.
             The game lasted 00:24:57 (10200 turns).

Jimbable the Nimble (Gnoll Gladiator)              Turns: 10200, Time: 00:24:58

Health: -2/79      AC: 14    Str: 18 (20) XL:     10   Next: 78%
Magic:  18/18      EV: 17    Int: 11      God:    Okawaru [*.....]
Gold:   415        SH:  0    Dex: 15 (16) Spells: 20/20 levels left

rFire    . . .     SeeInvis .   A - +2 dire flail (vorpal)
rCold    . . .     Gourm    .   (shield currently unavailable)
rNeg     . . .     Faith    .   s - +0 acid dragon scales
rPois    .         Spirit   .   k - +1 helmet
rElec    .         Reflect  .   v - +2 cloak {rCorr}
rCorr    +         Harm     .   q - +0 pair of gloves
MR       .....                  (no boots)
Stlth    +++.......             (no amulet)
HPRegen  0.23/turn              i - ring of resist corrosion
MPRegen  0.16/turn              B - ring of wizardry

@: no status effects
A: distributed training, fangs 1, strong nose
a: Heroism, Renounce Religion


You were on level 9 of the Dungeon.
You worshipped Okawaru.
Okawaru was aware of your devotion.
You were not hungry.

You visited 2 branches of the dungeon, and saw 10 of its levels.
You also visited: Ossuary.

You collected 415 gold pieces.

Inventory:

Hand Weapons
 a - a +0 trident
 A - a +2 vorpal dire flail (weapon)
 M - a +2 falchion of draining
 P - a +2 scimitar of flaming
Missiles
 L - 8 boomerangs (quivered)
Armour
 b - a +0 leather armour
 c - a +0 helmet
 k - a +1 helmet (worn)
 q - a +0 pair of gloves (worn)
 s - +0 acid dragon scales (worn)
 v - a +2 cloak of preservation (worn)
Jewellery
 i - a ring of resist corrosion (left hand)
 x - an uncursed ring of protection from cold
 B - a ring of wizardry (right hand)
 G - an uncursed ring of protection from cold
Wands
 e - a wand of iceblast (10)
 t - a wand of flame (13)
 C - a wand of digging (3)
 E - a wand of random effects (20)
 H - a wand of disintegration (19)
 O - a wand of paralysis (10)
Scrolls
 g - 2 scrolls of random uselessness
 h - 2 scrolls of magic mapping
 l - a scroll of amnesia {unknown}
 m - a scroll of fog {unknown}
 n - 4 scrolls of teleportation
 o - 2 scrolls of blinking
 r - 9 scrolls of identify
 u - 2 scrolls of enchant weapon
 y - 2 scrolls of enchant armour
 I - a scroll of torment {unknown}
 J - a scroll of remove curse
Potions
 d - a potion of might
 j - 6 potions of degeneration
 p - 3 potions of curing
 w - a potion of magic {unknown}
 z - a potion of stabbing {unknown}
 D - 3 potions of haste
 F - a potion of resistance {unknown}
 N - a potion of mutation {unknown}
 Q - a potion of berserk rage {unknown}
 R - a potion of invisibility {unknown}
Comestibles
 f - 14 rations


   Skills:
 + Level 7.2 Fighting
 + Level 5.5 Short Blades
 + Level 5.5 Long Blades
 + Level 5.5 Axes
 + Level 5.5 Maces & Flails
 + Level 8.6 Polearms
 + Level 5.5 Staves
 + Level 5.5 Slings
 + Level 5.5 Bows
 + Level 5.5 Crossbows
 + Level 7.2 Throwing
 + Level 5.5 Armour
 + Level 8.6 Dodging
 + Level 5.5 Stealth
 + Level 5.5 Shields
 + Level 5.5 Unarmed Combat
 + Level 5.5 Spellcasting
 + Level 4.5 Conjurations
 + Level 4.5 Hexes
 + Level 4.5 Charms
 + Level 4.5 Summonings
 + Level 4.5 Necromancy
 + Level 4.5 Translocations
 + Level 4.5 Transmutations
 + Level 4.5 Fire Magic
 + Level 4.5 Ice Magic
 + Level 4.5 Air Magic
 + Level 4.5 Earth Magic
 + Level 4.5 Poison Magic
 + Level 6.0 Invocations
 + Level 5.5 Evocations


You had 20 spell levels left.
You didn't know any spells.
Your spell library contained the following spells:

 Spells                   Type           Power        Failure   Level  Hunger
 Confusing Touch          Hex            ##......     4%          3    ###....
 Gell's Gravitas          Tloc           ##........   4%          3    ###....
 Petrify                  Tmut/Erth      ##......     16%         4    ####...
 Metabolic Englaciation   Hex/Ice        ##........   38%         5    ######.
 Yara's Violent Unravell  Hex/Tmut       ##........   38%         5    ######.


Dungeon Overview and Level Annotations

Branches:
Dungeon (9/15)             Temple (1/1) D:4         Ossuary (visited)
   Lair: D:8-11         Orc: D:9-12

Altars:
Ashenzari
Cheibriados
Dithmenos
Elyvilon
Fedhas
Gozag
Hepliaklqana
Kikubaaqudgha
Makhleb
Nemelex Xobeh
Okawaru
Qazlal
Ru
Sif Muna
Trog
Uskayaw
Vehumet
Wu Jian
Xom
Yredelemnul
Zin

Shops:
D:5 :


Innate Abilities, Weirdness & Mutations

Your experience applies equally to all skills.
You have very sharp teeth.
Your uncanny sense of smell can sniff out nearby items.


Message History

The rakshasa is heavily wounded.
The rakshasa hits you with a +0 long sword.
You puncture the rakshasa!
You bite the rakshasa, but do no damage.
The rakshasa is severely wounded.
The injured rakshasa weaves a defensive illusion!
The rakshasa completely misses you.
You barely miss the rakshasa. Your bite misses the rakshasa.
The rakshasa is severely wounded.
The rakshasa gestures at you. The lance of force misses you.
You hit the rakshasa.
The rakshasa is almost dead.
The rakshasa hits you with a +0 long sword!
The rakshasa blinks!
The rakshasa closely misses you.
You barely miss the rakshasa.
The rakshasa is almost dead.
The rakshasa gestures at you. The lance of force hits you!!
You die...

.........##...... ##
..........#..... ..
..........##.#.# .###
####.......#.#.###...#
#.....))...†..)...#
#.......).#.......#
######....#.R.(...#
#.#..#.......#
#.#..#..@.§..#<.
#.#.>#..RR.....#
#.####......#### ...
#......# .. #......# ∆
.......%. ##......###
########


You could see 3 rakshasas.

Vanquished Creatures
  A two-headed ogre (D:6)
  Erica (D:8)
  A cyclops (D:6)
  Maggie (D:6)
  Grinder (D:5)
  A hornet (D:6)
  Prince Ribbit (D:7)
  Edmund (D:5)
  Menkaure (D:4)
  Duvessa (D:5)
  A sky beast (D:9)
  An orc warrior (D:8)
  An ice beast (D:8)
  2 phantoms (D:5)
  3 ogres
  2 centaurs
  A crocodile (D:6)
  2 elf zombies (Ossuary)
  2 bullfrogs
  A water moccasin skeleton (D:7)
  Dowan (D:5)
  6 killer bees (D:6)
  A scorpion (D:4)
  3 crimson imps
  A bullfrog zombie (D:7)
  A centaur zombie (Ossuary)
  A human zombie (Ossuary)
  A jelly (D:9)
  A centaur skeleton (D:5)
  An orc priest (D:4)
  4 hounds
  A bullfrog skeleton (D:9)
  5 iguanas
  9 orc wizards
  4 worker ants
  A killer bee zombie (D:6)
  A big kobold zombie (Ossuary)
  2 hound skeletons
  2 mummies (Ossuary)
  A worker ant zombie (D:5)
  6 gnolls
  A howler monkey skeleton (D:7)
  6 adders
  An ooze (D:2)
  4 worms
  A dart slug (D:1)
  3 leopard geckos
  37 orcs
  A ball python (D:1)
  4 giant cockroaches
  2 gnoll zombies (D:2)
  5 goblins
  10 hobgoblins
  18 jackals
  5 kobolds
  3 quokkas
  8 bats
  6 frilled lizards
  A goblin zombie (Ossuary)
  5 hobgoblin zombies (Ossuary)
  3 jackal zombies (Ossuary)
  10 kobold zombies (Ossuary)
  11 orc zombies (Ossuary)
  A quokka zombie (D:5)
  4 rats
  2 rat zombies (Ossuary)
231 creatures vanquished.

Vanquished Creatures (others)
  A withered plant (D:8)
1 creature vanquished.

Grand Total: 232 creatures vanquished

Notes
Turn   | Place    | Note
-------+----------+-------------------------------------------
     0 | D:1      | Jimbable the Gnoll Gladiator began the quest for the Orb.
     0 | D:1      | Reached XP level 1. HP: 20/20 MP: 1/1
   361 | D:1      | Reached XP level 2. HP: 26/26 MP: 2/2
   787 | D:1      | Reached XP level 3. HP: 29/31 MP: 3/3
  1050 | D:2      | Reached skill level 1 in Invocations
  1073 | D:2      | Reached skill level 1 in Short Blades
  1073 | D:2      | Reached skill level 1 in Long Blades
  1073 | D:2      | Reached skill level 1 in Axes
  1073 | D:2      | Reached skill level 1 in Maces & Flails
  1073 | D:2      | Reached skill level 1 in Staves
  1073 | D:2      | Reached skill level 1 in Slings
  1073 | D:2      | Reached skill level 1 in Bows
  1073 | D:2      | Reached skill level 1 in Crossbows
  1073 | D:2      | Reached skill level 1 in Armour
  1073 | D:2      | Reached skill level 1 in Stealth
  1073 | D:2      | Reached skill level 1 in Shields
  1073 | D:2      | Reached skill level 1 in Unarmed Combat
  1073 | D:2      | Reached skill level 1 in Spellcasting
  1073 | D:2      | Reached skill level 1 in Evocations
  1073 | D:2      | Reached XP level 4. HP: 36/38 MP: 5/5
  1443 | D:2      | Found a basalt altar of Yredelemnul.
  1494 | D:2      | Found a shimmering altar of Xom.
  1494 | D:2      | Found a burning altar of Makhleb.
  1764 | D:3      | Noticed a centaur
  1781 | D:3      | Killed a centaur
  1781 | D:3      | Reached skill level 1 in Conjurations
  1781 | D:3      | Reached skill level 1 in Hexes
  1781 | D:3      | Reached skill level 1 in Charms
  1781 | D:3      | Reached skill level 1 in Summonings
  1781 | D:3      | Reached skill level 1 in Necromancy
  1781 | D:3      | Reached skill level 1 in Translocations
  1781 | D:3      | Reached skill level 1 in Transmutations
  1781 | D:3      | Reached skill level 1 in Fire Magic
  1781 | D:3      | Reached skill level 1 in Ice Magic
  1781 | D:3      | Reached skill level 1 in Air Magic
  1781 | D:3      | Reached skill level 1 in Earth Magic
  1781 | D:3      | Reached skill level 1 in Poison Magic
  1781 | D:3      | Reached XP level 5. HP: 24/43 MP: 5/7
  2769 | D:4      | Noticed Menkaure
  2782 | D:4      | Killed Menkaure
  2782 | D:4      | Reached XP level 6. HP: 16/50 MP: 8/8
  2923 | D:4      | Reached skill level 5 in Fighting
  2923 | D:4      | Reached skill level 5 in Throwing
  2996 | D:4      | Found a staircase to the Ecumenical Temple.
  3279 | D:4      | Reached XP level 7. HP: 16/56 MP: 10/10
  3354 | D:4      | Found a sand-covered staircase.
  3359 | Ossuary  | Entered an ossuary
  4267 | D:5      | Entered Level 5 of the Dungeon
  4291 | D:5      | Noticed Edmund
  4300 | D:5      | Reached XP level 8. HP: 44/63 MP: 12/12
  4320 | D:5      | Killed Edmund
  4846 | D:5      | Noticed Grinder
  4854 | D:5      | Killed Grinder
  4958 | D:5      | Noticed Duvessa
  4958 | D:5      | Noticed Dowan
  4981 | D:5      | Killed Dowan
  5061 | D:5      | Killed Duvessa
  5273 | D:5      | Found Moklyam's Book Boutique.
  5364 | D:5      | Reached XP level 9. HP: 65/69 MP: 14/14
  5663 | D:5      | Found an ornate altar of the Wu Jian Council.
  6151 | D:6      | Noticed a cyclops
  6154 | D:6      | Noticed a hornet
  6154 | D:6      | Noticed a two-headed ogre
  6181 | D:6      | Killed a two-headed ogre
  6554 | D:6      | Noticed Maggie
  6562 | D:6      | Killed Maggie
  6578 | D:6      | Found a sacrificial altar of Ru.
  6604 | D:6      | Killed a hornet
  6604 | D:6      | Reached skill level 5 in Invocations
  7245 | D:6      | Killed a cyclops
  7245 | D:6      | Reached XP level 10. HP: 44/77 MP: 17/17
  8130 | D:6      | Reached skill level 5 in Short Blades
  8130 | D:6      | Reached skill level 5 in Long Blades
  8130 | D:6      | Reached skill level 5 in Axes
  8130 | D:6      | Reached skill level 5 in Maces & Flails
  8130 | D:6      | Reached skill level 5 in Staves
  8130 | D:6      | Reached skill level 5 in Slings
  8130 | D:6      | Reached skill level 5 in Bows
  8130 | D:6      | Reached skill level 5 in Crossbows
  8130 | D:6      | Reached skill level 5 in Armour
  8130 | D:6      | Reached skill level 5 in Stealth
  8130 | D:6      | Reached skill level 5 in Shields
  8130 | D:6      | Reached skill level 5 in Unarmed Combat
  8130 | D:6      | Reached skill level 5 in Spellcasting
  8130 | D:6      | Reached skill level 5 in Evocations
  8570 | D:7      | Found a hazy altar of Hepliaklqana.
  8711 | D:7      | Noticed Prince Ribbit
  8726 | D:7      | Killed Prince Ribbit
  8821 | Temple   | Entered the Ecumenical Temple
  8890 | Temple   | Became a worshipper of Warmaster Okawaru
  9146 | D:8      | Found a bloodstained altar of Trog.
  9234 | D:8      | Found a shattered altar of Ashenzari.
  9234 | D:8      | Found a faded altar of an unknown god.
  9240 | D:8      | Found an opulent altar of Gozag.
  9242 | D:8      | Found a faded altar of an unknown god.
  9244 | D:8      | Found a stormy altar of Qazlal.
  9264 | D:8      | Found a hide-covered altar of Uskayaw.
  9547 | D:8      | Noticed Erica
  9579 | D:8      | Killed Erica
  9579 | D:8      | Reached * piety under Okawaru
  9744 | D:8      | Found a blossoming altar of Fedhas.
  9745 | D:8      | Found an ancient bone altar of Kikubaaqudgha.
  9862 | D:9      | Found a white marble altar of Elyvilon.
 10003 | D:9      | Noticed a rakshasa
 10200 | D:9      | Killed from afar by a rakshasa (illusionary)

Illustrated notes

Levels and vault maps discovered:
D:1:      dpeg_arrival_tiny_k, layout_loops_corners
D:2:      layout_basic, gammafunk_temple_overflow_wave,
          lemuel_zombie_altar_yredelemnul, first_ration
D:3:      layout_loops_ring
D:4:      layout_basic, minmay_temple_entry_large_hall,
          nicolae_ossuary_entry_plus, uniq_menkaure
D:5:      layout_cave_pods, lemuel_round_altar, serial_shops,
          nicolae_shop_stone, minivault_11, uniq_grinder, uniq_duvessa,
          uniq_edmund
D:6:      layout_layer_cave, old_standard_altar, kb_rosetta, uniq_maggie
D:7:      layout_cave_pools, kennysheep_little_box, uniq_prince_ribbit1
D:8:      layout_rooms, grunt_temple_overflow_growth_and_decay,
          eat_drink_and_be_merry_uskayaw, lemuel_round_altar,
          chequers_temple_overflow_minitemple, uniq_erica
D:9:      layout_basic, david_lair_shrubbed, orc_0_dummy, basic_altar,
          uniq_psyche, uniq_erolcha
Temple:   dpeg_three_leaves_temple

Skill      XL: |  1  2  3  4  5  6  7  8  9 10 |
---------------+-------------------------------+-----
Invocations    | 1 2 3 4 5 6 |  6.0
Short Blades   | 1 2 3 4 5 |  5.5
Long Blades    | 1 2 3 4 5 |  5.5
Axes           | 1 2 3 4 5 |  5.5
Maces & Flails | 1 2 3 4 5 |  5.5
Staves         | 1 2 3 4 5 |  5.5
Slings         | 1 2 3 4 5 |  5.5
Bows           | 1 2 3 4 5 |  5.5
Crossbows      | 1 2 3 4 5 |  5.5
Armour         | 1 2 3 4 5 |  5.5
Stealth        | 1 2 3 4 5 |  5.5
Shields        | 1 2 3 4 5 |  5.5
Unarmed Combat | 1 2 3 4 5 |  5.5
Spellcasting   | 1 2 3 4 5 |  5.5
Evocations     | 1 2 3 4 5 |  5.5
Conjurations   | 1 2 3 4 |  4.5
Hexes          | 1 2 3 4 |  4.5
Charms         | 1 2 3 4 |  4.5
Summonings     | 1 2 3 4 |  4.5
Necromancy     | 1 2 3 4 |  4.5
Translocations | 1 2 3 4 |  4.5
Transmutations | 1 2 3 4 |  4.5
Fire Magic     | 1 2 3 4 |  4.5
Ice Magic      | 1 2 3 4 |  4.5
Air Magic      | 1 2 3 4 |  4.5
Earth Magic    | 1 2 3 4 |  4.5
Poison Magic   | 1 2 3 4 |  4.5
Fighting       | 5 6 7 |  7.2
Throwing       | 5 6 7 |  7.2
Polearms       | 7 8 |  8.6
Dodging        | 7 8 |  8.6

Action                   |  1- 3 |  4- 6 |  7- 9 | 10-12 || total
-------------------------+-------+-------+-------+-------++-------
Melee: Trident           |    83 |   170 |   185 |       ||   438
       Bite              |     7 |    31 |    61 |    24 ||   123
       Punch             |       |     5 |     1 |       ||     6
       Dire flail        |       |       |   194 |   207 ||   401
Throw: Throwing net      |       |     3 |     3 |       ||     6
Evoke: Wand              |       |       |    12 |     2 ||    14
  Use: Scroll            |       |       |     7 |       ||     7
       Potion            |       |       |       |    10 ||    10
 Stab: Sleeping          |     5 |     5 |    10 |     2 ||    22
       Held in net/web   |       |     4 |     3 |       ||     7
       Distracted        |       |     1 |       |       ||     1
  Eat: Chunk             |     1 |     7 |     9 |     6 ||    23
       Ration            |       |       |     1 |     1 ||     2
Armor: Leather armour    |     9 |    25 |    60 |       ||    94
       Acid dragon scale |       |       |    14 |   104 ||   118
Dodge: Dodged            |    33 |   107 |   247 |   258 ||   645
